 Dungeon Crawl Stone Soup version 0.19-a0-823-gd955774 (webtiles) character file.

15073 puppykicker the Carver (level 12, -4/68 HPs)
             Began as a Tengu Air Elementalist on June 29, 2016.
             Was an Elder of Vehumet.
             Slain by a spiny frog (20 damage)
             ... on level 1 of the Lair of Beasts.
             The game lasted 00:58:13 (17048 turns).

puppykicker the Carver (Tengu Air Elementalist)    Turns: 17048, Time: 00:58:13

Health: -4/68      AC: 11    Str: 11    XL:     12   Next: 23%
Magic:  20/20      EV: 18    Int: 20    God:    Vehumet [****..]
Gold:   932        SH:  0    Dex: 14    Spells: 7 memorised, 1 level left

rFire  . . .     SeeInvis .     b - +3 scimitar (flame)
rCold  + + +     Gourm    .     K - +1 robe "Rufiogim" {*Drain rC+++ Str+3 Dex-2}
rNeg   . . .     Faith    .     (no shield)
rPois  .         Spirit   .     (helmet restricted)
rElec  .         Dismiss  .     X - +0 cloak (curse)
rCorr  .         Reflect  .     d - +1 pair of gloves
SustAt .         Harm     .     (boots unavailable)
MR     .....                    (no amulet)
Stlth  ++........               s - +5 ring of protection
                                l - ring of wizardry

@: not resistant to hostile enchantments, unstealthy
A: beak, talons 3, able to fly 1
a: Fly, Renounce Religion


You were on level 1 of the Lair of Beasts.
You worshipped Vehumet.
Vehumet was greatly pleased with you.
You were not hungry.

You visited 3 branches of the dungeon, and saw 14 of its levels.
You also visited: Sewer.

You collected 932 gold pieces.


Innate Abilities, Weirdness & Mutations

You have a beak for a mouth.
You have claws for feet.
You can fly.


   Skills:
 + Level 5.5 Fighting
 * Level 13.3 Long Blades
 + Level 9.8 Dodging
 - Level 2.0 Stealth
 + Level 5.0 Spellcasting
 + Level 7.5 Conjurations
 - Level 2.2 Charms
 + Level 0.0 Ice Magic
 + Level 8.7 Air Magic
 - Level 2.8 Poison Magic
 - Level 2.2 Evocations


You had one spell level left.
You knew the following spells:

 Your Spells              Type           Power        Failure   Level  Hunger
a - Shock                 Conj/Air       ####         1%          1    None
b - Static Discharge      Conj/Air       #####...     1%          3    ##.....
c - Mephitic Cloud        Conj/Pois/Air  ####....     1%          3    ##.....
d - Throw Icicle          Conj/Ice       ###.....     3%          4    ####...
f - Lightning Bolt        Conj/Air       #####.....   1%          5    #####..
l - Repel Missiles        Chrm/Air       ####..       1%          2    None
m - Swiftness             Chrm/Air       ####....     1%          2    None

Inventory:

Hand Weapons
 a - a +1 long sword of protection
 b - a +3 scimitar of flaming (weapon)
 c - a +2 shortbow of flaming
 y - a +0 triple crossbow
 Q - a +0 long sword of holy wrath
Missiles
 j - 241 arrows
 m - 7 javelins (quivered)
 T - 2 throwing nets
Armour
 d - a +1 pair of gloves (worn)
 e - a +1 leather armour of positive energy
 K - the +1 robe "Rufiogim" (worn) {*Drain rC+++ Str+3 Dex-2}
   (You found it on level 6 of the Dungeon)

   It affects your strength (+3).
   It affects your dexterity (-2).
   It renders you almost immune to cold.
   It causes draining when unequipped.
 X - a cursed +0 cloak (worn)
Jewellery
 g - an uncursed ring of positive energy
 l - a ring of wizardry (left hand)
 n - an uncursed ring of protection from fire
 s - a +5 ring of protection (right hand)
Wands
 o - a wand of lightning (2/15)
 r - a wand of confusion (27/48)
 E - a wand of heal wounds (5/9) {!d}
 F - a wand of lightning (6/15)
 H - a wand of acid (8/15)
 P - a wand of teleportation (6/9) {!d}
 U - a wand of enslavement (0/24)
Scrolls
 f - 2 scrolls of amnesia
 i - 2 scrolls of teleportation
 k - 7 scrolls of remove curse
 q - 4 scrolls of recharging
 v - 6 scrolls of enchant weapon
 B - 4 scrolls of enchant armour
 I - 3 scrolls of magic mapping
 M - 2 scrolls of fog
 W - a scroll of holy word
Potions
 h - 9 potions of curing
 p - 3 potions of agility
 t - 4 potions of flight
 u - 2 potions of lignification {unknown}
 w - a potion of cure mutation {unknown}
 x - 3 potions of invisibility
 z - 2 potions of berserk rage
 A - a potion of ambrosia {unknown}
 C - a potion of mutation {unknown}
 G - a potion of cancellation {unknown}
 L - a potion of heal wounds
 N - a potion of brilliance
 O - a potion of might {unknown}
 R - 2 potions of resistance {unknown}
Comestibles
 D - 13 bread rations
 Y - 7 slices of pizza

Dungeon Overview and Level Annotations

Branches:
Dungeon (12/15)            Temple (1/1) D:6            Lair (1/6) D:9
    Orc (0/2) D:12

Altars:
Ashenzari
Cheibriados
Dithmenos
Elyvilon
Fedhas
Gozag
Hepliaklqana
Kikubaaqudgha
Makhleb
Nemelex Xobeh
Okawaru
Pakellas
Qazlal
Ru
Sif Muna
Trog
Uskayaw
Vehumet
Xom
Yredelemnul
Zin
The Shining One

Annotations:
D:12 Rupert

## ####### ######
###.#####.#.#.####P#..###
.........................##
..........#...@:..........#
.....#8.8....F..........##
###PP.....................#
.......#8.8...............##
...........#...............#
.#.........#...##P#.##.....#
....###.#..#..########.....#
.#..# ###..#..P# #.....#
.#..# ###..#..## #.....#


You could see a spiny frog.


Message History

The spiny frog closely misses you.
You riposte.
You hit the spiny frog. You burn the spiny frog. You claw the spiny frog.
The spiny frog is almost dead.
You feel sick.
You feel sick.
The spiny frog stings you but does no damage.
You feel sick.
You feel sick. The spiny frog barely misses you.
There is a staircase back to the Dungeon here.
You hit the spiny frog. You burn the spiny frog.
The spiny frog is almost dead.
You feel sick. The spiny frog stings you!
* * * LOW HITPOINT WARNING * * *
You barely miss the spiny frog.
You peck the spiny frog, but do no damage.
The spiny frog is almost dead.
The spiny frog stings you!
* * * LOW HITPOINT WARNING * * *
You are more poisoned.
The spiny frog poisons you!
You barely miss the spiny frog.
You peck the spiny frog, but do no damage.
The spiny frog is almost dead.
You feel sick. The spiny frog stings you!!
* * * LOW HITPOINT WARNING * * *
You are more poisoned.
The spiny frog poisons you!
You feel better. The spiny frog stings you!!
You die...

Action                   |  1- 3 |  4- 6 |  7- 9 | 10-12 || total
-------------------------+-------+-------+-------+-------++-------
Melee: Unarmed           |    13 |       |       |       ||    13
       Peck              |     2 |     2 |    62 |   130 ||   196
       Kick              |     1 |       |    82 |   194 ||   277
       Short sword       |       |     4 |       |       ||     4
       Rapier            |       |     3 |       |       ||     3
       Falchion          |       |       |    53 |       ||    53
       Long sword        |       |       |   406 |   756 ||  1162
       Scimitar          |       |       |       |    19 ||    19
 Cast: Shock             |    69 |    95 |   117 |   146 ||   427
       Repel Missiles    |       |     1 |     1 |     1 ||     3
       Lightning Bolt    |       |       |       |    25 ||    25
       Mephitic Cloud    |       |       |       |     7 ||     7
Evoke: Wand              |       |       |     1 |    12 ||    13
  Use: Scroll            |       |     5 |     7 |    13 ||    25
       Potion            |       |       |     1 |     2 ||     3
 Stab: Sleeping          |       |       |     6 |       ||     6
       Confused          |       |       |       |     3 ||     3
       Distracted        |       |       |       |     1 ||     1
  Eat: Chunk             |     4 |     9 |    13 |     9 ||    35
       Beef jerky        |       |       |     2 |     2 ||     4
       Meat ration       |       |       |     1 |     4 ||     5
       Pizza             |       |       |     1 |     1 ||     2
       Royal jelly       |       |       |       |     1 ||     1
Armor: Robe              |    18 |     8 |   163 |   178 ||   367
Dodge: Dodged            |    37 |    13 |   302 |   487 ||   839
       Deflected         |       |       |     7 |     7 ||    14

Vault maps used:
D:1:      minmay_arrival_three_doors, amethyst_killhole
D:3:      nicolae_overflow_hidden_temple, first_bread
D:4:      ashenzari_conservatory_becter, minmay_guarded_unrand_vampires_tooth,
          uniq_duvessa, uniq_menkaure
D:5:      lemuel_round_altar
D:6:      portal_sewer_entry_e
D:7:      overflow_temple_1_default, vehumet_altar_wand_db
D:8:      grunt_temple_overflow_opulence, kennysheep_little_box, grunt_pizzeria,
          okawaru_gym_becter, uniq_pikel
D:9:      erik_lair_orcish_takeover
D:11:     wad_floor_pattern_1
D:12:     orc_0_dummy, minmay_misc_feat_five, minivault_4, uniq_rupert
Temple:   oiseaux_autumnal_temple
Lair:1:   grunt_forest_small_clearings, small_statue_intersection,
          grunt_megastairs_4
Sewer:    sewer_co_cracked_pipes

Notes
Turn   | Place    | Note
--------------------------------------------------------------
     0 | D:1      | puppykicker the Tengu Air Elementalist began the quest for the Orb.
     0 | D:1      | Reached XP level 1. HP: 10/10 MP: 4/4
   170 | D:1      | Reached XP level 2. HP: 14/16 MP: 4/6
   293 | D:1      | Reached skill level 2 in Conjurations
   334 | D:1      | Reached skill level 1 in Fighting
   673 | D:1      | Reached XP level 3. HP: 20/20 MP: 5/7
   992 | D:1      | Learned a level 2 spell: Repel Missiles
   995 | D:1      | Learned a level 2 spell: Swiftness
  1611 | D:2      | Reached skill level 2 in Fighting
  1677 | D:2      | Reached skill level 5 in Air Magic
  1677 | D:2      | Reached XP level 4. HP: 26/26 MP: 5/8
  2375 | D:3      | Found a glowing silver altar of Zin.
  2377 | D:3      | Found a shimmering altar of Xom.
  2379 | D:3      | Found a snail-covered altar of Cheibriados.
  3216 | D:3      | Reached skill level 3 in Conjurations
  3421 | D:3      | Reached skill level 1 in Charms
  3421 | D:3      | Gained mutation: You can fly. [Tengu growth]
  3421 | D:3      | Reached XP level 5. HP: 29/31 MP: 4/9
  3594 | D:4      | Noticed Menkaure
  3819 | D:4      | Noticed Duvessa
  3825 | D:4      | Learned a level 3 spell: Static Discharge
  3831 | D:4      | Killed Dowan
  3832 | D:4      | Killed Duvessa
  3832 | D:4      | Reached skill level 3 in Fighting
  3832 | D:4      | Reached skill level 4 in Conjurations
  3832 | D:4      | Reached skill level 6 in Air Magic
  3832 | D:4      | Reached XP level 6. HP: 22/37 MP: 2/10
  4175 | D:4      | Reached skill level 2 in Charms
  4266 | D:4      | Reached XP level 7. HP: 36/42 MP: 6/11
  4615 | D:4      | Found a shattered altar of Ashenzari.
  4674 | D:4      | Reached skill level 1 in Long Blades
  5050 | D:4      | Reached skill level 2 in Long Blades
  5433 | D:4      | Killed Menkaure
  5433 | D:4      | Reached skill level 3 in Long Blades
  5433 | D:4      | Reached skill level 3 in Dodging
  5433 | D:4      | Reached XP level 8. HP: 38/48 MP: 11/13
  5520 | D:4      | Reached skill level 4 in Long Blades
  5520 | D:4      | Reached skill level 3 in Spellcasting
  5540 | D:4      | Learned a level 5 spell: Lightning Bolt
  5662 | D:5      | Entered Level 5 of the Dungeon
  5672 | D:5      | Identified a wand of heal wounds
  5942 | D:5      | Reached skill level 5 in Long Blades
  5989 | D:5      | Reached skill level 4 in Dodging
  6085 | D:5      | Found a burning altar of Makhleb.
  6631 | D:6      | Got a fine robe
  6642 | D:6      | Identified the cursed +1 robe "Rufiogim" {*Drain rC+++ Str+3 Dex-2} (You found it on level 6 of the Dungeon)
  6679 | D:6      | Found a glowing drain.
  6684 | Sewer    | Entered a sewer
  6887 | Sewer    | Reached skill level 6 in Long Blades
  7100 | D:6      | Identified a wand of teleportation
  7180 | D:6      | Reached skill level 5 in Dodging
  7335 | D:6      | Reached skill level 7 in Long Blades
  7335 | D:6      | Reached XP level 9. HP: 45/52 MP: 11/14
  7390 | D:6      | Found a staircase to the Ecumenical Temple.
  7450 | Temple   | Entered the Ecumenical Temple
  7735 | Temple   | Became a worshipper of Vehumet
  8385 | D:7      | Found a deep blue altar of Sif Muna.
  8396 | D:7      | Reached skill level 8 in Long Blades
  8433 | D:7      | Reached skill level 6 in Dodging
  8450 | D:7      | Found a radiant altar of Vehumet.
  8812 | D:7      | Reached * piety under Vehumet
  8812 | D:7      | Offered knowledge of Freeze by Vehumet.
  9627 | D:8      | Reached skill level 9 in Long Blades
  9900 | D:8      | Found a bloodstained altar of Trog.
  9933 | D:8      | Noticed Pikel
  9942 | D:8      | Killed Pikel
  9942 | D:8      | Reached skill level 7 in Dodging
 10074 | D:8      | Reached skill level 10 in Long Blades
 10232 | D:8      | Reached XP level 10. HP: 56/56 MP: 15/15
 10247 | D:8      | Found an iron altar of Okawaru.
 10511 | D:8      | Offered knowledge of Throw Frost by Vehumet.
 10529 | D:8      | Reached ** piety under Vehumet
 10667 | D:8      | Found a sparkling altar of Nemelex Xobeh.
 10667 | D:8      | Found an opulent altar of Gozag.
 10835 | D:9      | Found a staircase to the Lair.
 11058 | D:9      | Reached skill level 11 in Long Blades
 11141 | D:9      | Reached skill level 8 in Dodging
 11179 | D:9      | Offered knowledge of Dazzling Spray by Vehumet.
 11971 | D:9      | Reached *** piety under Vehumet
 12004 | D:10     | Entered Level 10 of the Dungeon
 12016 | D:10     | Noticed Zellion's ghost (novice DsGl)
 12162 | D:10     | Reached skill level 4 in Fighting
 12162 | D:10     | Reached skill level 5 in Conjurations
 12538 | D:10     | Reached skill level 12 in Long Blades
 12816 | D:10     | Reached skill level 7 in Air Magic
 12816 | D:10     | Reached XP level 11. HP: 51/61 MP: 2/17
 12840 | D:10     | Offered knowledge of Mephitic Cloud by Vehumet.
 12971 | D:10     | Reached skill level 4 in Spellcasting
 13104 | D:10     | Learned a level 3 spell: Mephitic Cloud
 13185 | D:10     | Reached skill level 9 in Dodging
 13397 | D:10     | Killed Zellion's ghost
 13575 | D:11     | Reached skill level 1 in Poison Magic
 13783 | D:11     | Noticed a cyclops
 13986 | D:11     | Reached **** piety under Vehumet
 14178 | D:11     | Offered knowledge of Force Lance by Vehumet.
 14180 | D:11     | Reached skill level 6 in Conjurations
 14673 | D:12     | Noticed a hill giant
 14679 | D:12     | Found a staircase to the Orcish Mines.
 14710 | D:12     | Killed a hill giant
 14767 | D:12     | Noticed a manticore
 14774 | D:12     | Killed a manticore
 14774 | D:12     | Reached skill level 2 in Poison Magic
 14781 | D:12     | Noticed a manticore
 14799 | D:12     | Killed a manticore
 14799 | D:12     | Reached skill level 1 in Evocations
 14864 | D:12     | Reached skill level 5 in Fighting
 15103 | D:12     | Reached skill level 8 in Air Magic
 15122 | D:12     | Reached ***** piety under Vehumet
 15122 | D:12     | Offered knowledge of Throw Icicle by Vehumet.
 15203 | D:12     | Reached skill level 13 in Long Blades
 15545 | D:12     | Reached skill level 7 in Conjurations
 15808 | D:12     | Reached XP level 12. HP: 68/68 MP: 20/20
 15914 | D:12     | Reached skill level 2 in Evocations
 15941 | D:12     | Noticed Rupert
 16175 | Lair:1   | Entered Level 1 of the Lair of Beasts
 16230 | Lair:1   | Reached skill level 5 in Spellcasting
 16790 | Lair:1   | Learned a level 4 spell: Throw Icicle
 17048 | Lair:1   | Slain by a spiny frog

Vanquished Creatures
  The ghost of Zellion the Nimble, a novice DsGl of Hepliaklqana (D:10)
  A hill giant (D:12)
  A wolf spider zombie (D:12)
  Pikel (D:8)
  2 manticores (D:12)
  2 centaur zombies
  2 kobold demonologists (D:12)
  An efreet (D:12)
  3 two-headed ogres
  A troll (D:9)
  6 blink frogs (Lair:1)
  5 orc warriors
  A water elemental (D:12)
  3 wyverns
  A human (D:8)
  2 hungry ghosts
  10 yaks
  2 hippogriffs
  3 wargs (D:9)
  Menkaure (D:4)
  A water moccasin (D:9)
  Duvessa (D:4)
  A soldier ant (D:12)
  2 ice beasts
  A sky beast (D:6)
  2 black bears
  An eye of draining (D:11)
  5 ogres
  4 centaurs
  2 big kobolds (D:12)
  6 giant frogs
  A wyvern skeleton (D:6)
  Dowan (D:4)
  7 scorpions
  15 killer bees
  11 wights
  2 vampire bats (D:4)
  3 howler monkeys
  6 crimson imps
  2 giant frog zombies
  A jelly (D:6)
  3 orc priests
  5 hounds
  16 orc wizards
  3 giant frog skeletons
  6 iguanas
  7 worker ants
  4 sheep (D:11)
  A hound zombie (D:9)
  A hound skeleton (D:5)
  3 gnolls (D:8)
  10 adders
  11 river rats
  3 shadow imps
  2 oozes
  An adder zombie (D:7)
  2 adder skeletons
  4 worms
  A dart slug (D:2)
  7 giant geckos
  49 orcs
  14 bats
  7 giant cockroaches
  10 goblins
  7 hobgoblins
  16 jackals
  6 quokkas
  7 ball pythons
  9 giant newts
  A jackal skeleton (D:6)
  12 kobolds
  10 rats
362 creatures vanquished.

Vanquished Creatures (collateral kills)
  An orc priest (D:9)
  2 orcs (D:9)
3 creatures vanquished.

Vanquished Creatures (others)
  A slave (D:8)
  A wight (D:12)
  An orc priest (D:9)
  An orc wizard (D:8)
  A centaur skeleton (D:8)
  4 orcs (D:8)
  3 fungi (Lair:1)
12 creatures vanquished.

Grand Total: 377 creatures vanquished
